 Dungeon Crawl Stone Soup version 0.17.0-22-g5edae84 (webtiles) character file.

71 oplop the Chiller (level 4, -1/30 HPs)
             Began as a Merfolk Ice Elementalist on Nov 12, 2015.
             Slain by a worm (8 damage)
             ... on level 2 of the Dungeon.
             The game lasted 00:04:18 (1708 turns).

oplop the Chiller (Merfolk Ice Elementalist)        Turns: 1708, Time: 00:04:18

Health: -1/30      AC:  2    Str:  8    XL:     4   Next: 24%
Magic:  1/8        EV: 14    Int: 15    God:
Gold:   98         SH:  0    Dex: 14    Spells: 1 memorised, 7 levels left

rFire  . . .     SeeInvis .     (no weapon)
rCold  . . .     Clarity  .     a - +0 robe
rNeg   . . .     SustAt   .     (no shield)
rPois  .         Gourm    .     (no helmet)
rElec  .         Spirit   .     (no cloak)
rCorr  .         Warding  .     (no gloves)
rMut   .         Stasis   .     (no boots)
MR     .....                    (no amulet)
Stlth  ++........               (no ring)
                                (no ring)

@: not resistant to hostile enchantments, unstealthy
A: change form in water, swift swim
a: no special abilities


You were on level 2 of the Dungeon.
You were not hungry.

You visited 1 branch of the dungeon, and saw 2 of its levels.

You collected 98 gold pieces.

Inventory:

Armour
 a - a +0 robe (worn)
Scrolls
 e - 2 scrolls of remove curse {unknown}
 f - a scroll of enchant armour {unknown}
 g - a scroll of magic mapping {unknown}
 j - a scroll of recharging {unknown}
 l - a scroll of identify {unknown}
 n - a scroll of fog {unknown}
 p - a scroll of random uselessness {unknown}
Potions
 d - 2 potions of heal wounds {unknown}
 i - a potion of cancellation {unknown}
 k - a potion of cure mutation {unknown}
 m - a potion of lignification {unknown}
 o - a potion of agility {unknown}
Books
 b - a book of Frost

   Spells                             Type                      Level
   a - Freeze                         Ice                          1
   b - Throw Frost                    Conjuration/Ice              2
   c - Ozocubu's Armour               Charms/Ice                   3
   d - Throw Icicle                   Conjuration/Ice              4
   e - Summon Ice Beast               Ice/Summoning                4
   f - Condensation Shield            Ice                          4
Comestibles
 c - a bread ration
 h - 2 meat rations


   Skills:
 + Level 4.0 Dodging
 - Level 2.1 Stealth
 + Level 2.7 Spellcasting
   Level 0.7 Conjurations
 + Level 4.1 Ice Magic


You had 7 spell levels left.
You knew the following spells:

 Your Spells              Type           Power        Failure   Level  Hunger
a - Freeze                Ice            ##..         4%          1    #......


Dungeon Overview and Level Annotations

Branches:
Dungeon (2/15)

Altars:
Gozag
Okawaru

Shops:
D:2 *

Annotations:
D:2 Jessica


Message History

You freeze the worm.
The worm is heavily wounded.
The worm bites you!
* * * LOW HITPOINT WARNING * * *
Casting: Freeze
Confirm with . or Enter, or press ? or * to list all spells.
Aiming: Freeze
Press: ? - help, Shift-Dir - straight line, f/p - worm
Aim: a worm (heavily wounded)
You freeze the worm.
The worm is severely wounded.
Casting: Freeze
Confirm with . or Enter, or press ? or * to list all spells.
Aiming: Freeze
Press: ? - help, Shift-Dir - straight line, f/p - worm
Aim: a worm (severely wounded)
You freeze the worm.
The worm is severely wounded.
The worm bites you!
You die...

#.........# ##...## #.##
#.###.##.### ##+## #..#
#..........# #.# #.#.
#..#.♣.♣.#.# #.# #.##
#....†.....####.#####...
#..♣.♣.♣.♣..............
#....._....##.....######
##.♣.♣.♣.♣.......##
#.....@....###.##
#.#.♣.♣w#..# #.#
#..........# #.#
####..##...# #.# #.##
#### #.# ### #. #.# #..
.. #.# #.# .# #.# #####
#.####.##########.#
#....


You could see a worm.

Vanquished Creatures
  Robin (D:2)
  An adder (D:2)
  An ooze (D:1)
  2 giant cockroaches
  7 hobgoblins
  4 bats
  A giant gecko (D:2)
  4 giant newts (D:1)
  14 goblins
  A kobold (D:1)
  2 quokkas (D:2)
  10 rats
48 creatures vanquished.

Notes
Turn   | Place    | Note
--------------------------------------------------------------
     0 | D:1      | oplop the Merfolk Ice Elementalist began the quest for the Orb.
     0 | D:1      | Reached XP level 1. HP: 13/13 MP: 3/3
   107 | D:1      | Reached XP level 2. HP: 11/19 MP: 1/5
   801 | D:1      | Reached XP level 3. HP: 10/24 MP: 0/6
  1008 | D:2      | Noticed Jessica
  1010 | D:2      | Noticed Robin
  1129 | D:2      | Found an opulent altar of Gozag.
  1131 | D:2      | Found Gozag's Platinum Reserve.
  1314 | D:2      | Killed Robin
  1314 | D:2      | Reached skill level 4 in Ice Magic
  1492 | D:2      | Reached XP level 4. HP: 25/30 MP: 3/8
  1692 | D:2      | Found an iron altar of Okawaru.
  1708 | D:2      | Slain by a worm

Action                   |  1- 3 |  4- 6 || total
-------------------------+-------+-------++-------
Melee: Unarmed           |    37 |     6 ||    43
 Cast: Freeze            |    62 |    18 ||    80
 Stab: Sleeping          |     1 |     1 ||     2
  Eat: Chunk             |     3 |       ||     3
